 Dungeon Crawl Stone Soup version 0.29.1-1-gd02db6906a (webtiles) character file.

Game seed: 7911470764079541436

11 Kold the Trooper (level 2, 24/24 HPs)
             Began as a Demonspawn Cinder Acolyte on Oct 19, 2022.
             Was a High Priest of Ignis.
             Quit the game on level 1 of the Dungeon.
             The game lasted 00:00:49 (563 turns).

Kold the Trooper (Demonspawn Cinder Acolyte)         Turns: 563, Time: 00:00:50

Health: 24/24      AC:  4    Str: 14    XL:     2   Next: 13%
Magic:  3/3        EV: 11    Int: 15    God:    Ignis [*****.]
Gold:   37         SH:  0    Dex:  8    Spells: 3/3 levels left

rFire   + . .      SeeInvis .     - Unarmed
rCold   . . .      Faith    .   (no shield)
rNeg    . . .      Spirit   .   a - +0 robe
rPois   .          Reflect  .   (no helmet)
rElec   .          Harm     .   (no cloak)
rCorr   .          Rampage  .   (no gloves)
Will    .....                   (no boots)
Stlth   +.........              (no amulet)
HPRegen 0.08/turn               (no ring)
MPRegen 0.08/turn               (no ring)

@: no status effects
A: icy blue scales 1
a: Renounce Religion, Fiery Armour, Foxfire Swarm, Rising Flame


You were on level 1 of the Dungeon.
You worshipped Ignis.
Ignis was extremely pleased with you.
You visited 1 branch of the dungeon, and saw 1 of its levels.

You collected 37 gold pieces.

Inventory:

Armour
 a - a +0 robe (worn)
Jewellery
 e - a ring of poison resistance
Scrolls
 c - a scroll of summoning {unknown}
 d - a scroll of identify {unknown}
Potions
 b - 2 potions of curing {unknown}
 f - a potion of heal wounds {unknown}


   Skills:
 + Level 3.3 Fighting
 + Level 3.0 Unarmed Combat
 - Level 1.0 Spellcasting
 - Level 2.6 Fire Magic


You had 3 spell levels left.
You didn't know any spells.
Your spell library contained the following spells:

 Spells                   Type           Power      Damage    Failure   Level
 Scorch                   Fire           16%        2d5       12%         2


Dungeon Overview and Level Annotations

Branches:
Dungeon (1/15)

Altars:


Innate Abilities, Weirdness & Mutations

You are partially covered in icy blue scales. (AC +2)


Message History

There is an open door here.
You see here 4 javelins.
A goblin comes into view. It is wielding a +0 dagger.
The goblin shouts!
A goblin is nearby!
A goblin is nearby!
The goblin hits you but does no damage.
A ball python comes into view.
You hit the goblin.
The goblin is moderately wounded.
The goblin closely misses you.
You barely miss the goblin. Your punch misses the goblin.
The goblin is moderately wounded.
The goblin completely misses you.
You hit the goblin.
You kill the goblin!
Things that are here:
a +0 dagger; a goblin corpse The ball python closely misses you.
The ball python barely misses you.
You hit the ball python but do no damage.
The ball python bites you but does no damage.
The ball python closely misses you.
You barely miss the ball python. The ball python bites you.
The ball python grabs you. The ball python constricts you.
The ball python bites you. The ball python constricts you.
You hit the ball python.
The ball python is moderately wounded.
The ball python bites you. The ball python constricts you.
You hit the ball python.
You kill the ball python!
No target in view!
No target in view!
Found a rapier.
f - a metallic black potion You see here a +0 rapier.
b - 2 white potions (gained 1)
A kobold comes into view. It is wielding a +0 dagger.
The kobold shouts!
A quokka comes into view.
Are you sure you want to abandon this character and quit the game? (Confirm with "yes".)

###..........##.###..#.......#(##
.....##..†.).#.......##..#.#.#.##
....#######..............).......
....# ##.......###.....#.####
....###### ##.###.####...####....
.).......# #..##...............#
.........# ##..#.#####..........
.........# ###..### .........##
###......# #...@..# ##.#......#.
######## #.##...# # #......#. #.
##..# #####.... # .... ##...#
..... .....+ ....... .....#
..K.#.. .....# ..r.#.. ####.. .
......


You could see a quokka (wandering) and a kobold.

Vanquished Creatures
  2 ball pythons (D:1)
  A bat (D:1)
  An endoplasm (D:1)
  A giant cockroach (D:1)
  2 goblins (D:1)
  A kobold (D:1)
  A rat (D:1)
9 creatures vanquished.

Notes
Turn   | Place    | Note
-------+----------+-------------------------------------------
     0 | D:1      | Kold the Demonspawn Cinder Acolyte began the quest for the
                  | Orb.
     0 | D:1      | Reached XP level 1. HP: 18/18 MP: 2/2
   281 | D:1      | Gained mutation: You are partially covered in icy blue
                  | scales. (AC +2) [demonic ancestry]
   281 | D:1      | Reached XP level 2. HP: 19/24 MP: 3/3
   563 | D:1      | Quit the game

Illustrated notes

Levels and vault maps discovered:
D:1:      psy_arrival_fountain, layout_basic,
          ebering_ecumenical_altar_sacrificial, st_stairs_2

Skill      XL: |  1 |
---------------+----+-----
Unarmed Combat | 3 |  3.0
Fighting       | |  3.3
Spellcasting   | |  1.0
Fire Magic     | |  2.6

Action                   || total
-------------------------++-------
Melee: Unarmed           ||    35
Invok: Fiery Armour      ||     1
Armor: Robe              ||    11
Dodge: Dodged            ||    23
